 Dungeon Crawl Stone Soup version 0.17.2-1-ge4368a0 (webtiles) character file.

35 tidbits the Insei (level 3, -7/27 HPs)
             Began as a Demigod Transmuter on Sept 25, 2017.
             Mangled by an orc
             ... wielding a +0 flail
              (11 damage)
             ... on level 5 of the Dungeon.
             The game lasted 00:05:55 (1004 turns).

tidbits the Insei (Demigod Transmuter)              Turns: 1004, Time: 00:05:55

Health: -7/27      AC:  3    Str: 13    XL:     3   Next: 2%
Magic:  8/8        EV:  7    Int: 19    God:
Gold:   113        SH:  0    Dex: 18    Spells: 3 memorised, 0 levels left

rFire  . . .     SeeInvis .     a - +1 whip (elec)
rCold  . . .     Clarity  .     b - +0 robe
rNeg   . . .     SustAt   +     (no shield)
rPois  .         Gourm    .     (no helmet)
rElec  .         Spirit   .     (no cloak)
rCorr  .         Warding  .     G - +0 pair of gloves
rMut   .         Stasis   .     (no boots)
MR     .....                    (no amulet)
Stlth  ++........               (no ring)
                                i - +2 ring of dexterity

@: not resistant to hostile enchantments, unstealthy
A: high mp 1, sustain attributes
a: no special abilities


You were on level 5 of the Dungeon.
You were very hungry.

You visited 1 branch of the dungeon, and saw 5 of its levels.

You collected 113 gold pieces.

Inventory:

Hand Weapons
 a - a +1 whip of electrocution (weapon)
   (You found it on level 3 of the Dungeon)
Missiles
 u - 8 arrows
Armour
 b - a +0 robe (worn)
 w - a +0 buckler
   (You found it on level 5 of the Dungeon)
 G - a +0 pair of gloves (worn)
   (You found it on level 2 of the Dungeon)
Jewellery
 i - a +2 ring of dexterity (left hand)
   (You found it on level 2 of the Dungeon)
Wands
 t - a wand of cold (10)
   (You found it on level 3 of the Dungeon)
Scrolls
 k - a scroll of fear {unknown}
 l - a scroll of identify {unknown}
 n - a scroll of teleportation {unknown}
 r - a scroll of immolation {unknown}
 s - a scroll of noise {unknown}
 v - a scroll of enchant weapon {unknown}
Potions
 e - a potion of might {unknown}
 f - 2 potions of heal wounds {unknown}
 g - a potion of curing {unknown}
 h - 2 potions of lignification {unknown}
 m - a potion of mutation {unknown}
 o - a potion of degeneration {unknown}
Books
 c - a book of Changes

   Spells                             Type                      Level
   a - Beastly Appendage              Transmutation                1
   b - Sticks to Snakes               Transmutation                2
   c - Spider Form                    Transmutation/Poison         3
   d - Ice Form                       Ice/Transmutation            4
   e - Blade Hands                    Transmutation                5
Comestibles
 d - 2 bread rations
 j - a royal jelly
 p - 2 slices of pizza
 q - 2 meat rations


   Skills:
 + Level 0.8 Fighting
 + Level 1.7 Dodging
 - Level 3.3 Unarmed Combat
 - Level 2.0 Spellcasting
 - Level 2.4 Transmutations


You couldn't memorise any spells.
You knew the following spells:

 Your Spells              Type           Power        Failure   Level  Hunger
e - Beastly Appendage     Trmt           ##....       10%         1    #......
k - Sticks to Snakes      Trmt           ##........   12%         2    ###....
p - Spider Form           Trmt/Pois      #.........   34%         3    ###....


Dungeon Overview and Level Annotations

Branches:
Dungeon (5/15)
 Temple: D:4-7


Innate Abilities, Weirdness & Mutations

You have an increased reservoir of magic (+10% MP).
Your attributes are resistant to harm.


Message History

Found 6 gold pieces.
Found a meat ration.
Found an escape hatch in the floor.
You now have 95 gold pieces (gained 6).
Found a runed whip.
q - 2 meat rations (gained 1)
There is an escape hatch in the floor here.
You open the door.
The giant cockroach falls off the door.
A giant cockroach comes into view.
Found a slice of pizza.
Found a stone staircase leading down.
The giant cockroach bites you but does no damage.
There is an open door here.
The giant cockroach closely misses you.
Casting: Beastly Appendage
Confirm with . or Enter, or press ? or * to list all spells.
Your feet morph into talons.
The giant cockroach closely misses you.
You hit the giant cockroach.
You claw the giant cockroach, but do no damage.
The giant cockroach is lightly wounded.
The giant cockroach bites you.
You barely miss the giant cockroach. Your kick misses the giant cockroach.
The giant cockroach is lightly wounded.
The giant cockroach barely misses you.
You barely miss the giant cockroach. Your kick misses the giant cockroach.
The giant cockroach is lightly wounded.
The giant cockroach bites you.
You barely miss the giant cockroach.
The giant cockroach is lightly wounded.
The giant cockroach bites you. The giant cockroach misses you.
You hit the giant cockroach. Your kick misses the giant cockroach.
The giant cockroach is moderately wounded.
The giant cockroach barely misses you.
You hit the giant cockroach.
You kill the giant cockroach!
Your transformation is almost over.
You see here a runed whip.
u - a runed whip Wield which item (- for none, * to show all)? (? for menu, Esc to quit)
You hear the crackle of electricity.
u - a +1 whip of electrocution (weapon)
Adjust (i)tems, (s)pells, or (a)bilities?
Adjust which item? (? for menu, Esc to quit)
u - a +1 whip of electrocution (weapon)
Adjust to which letter? (? for menu, Esc to quit)
a - a +1 whip of electrocution (weapon);
u - 8 arrows Your talons disappear.
Found a scroll labeled GIPOTE JAGISTRU.
p - 2 slices of pizza (gained 1)
v - a scroll labeled GIPOTE JAGISTRU Eat which item? (? for menu, Esc to quit)
Okay, then.
You open the door.
There is an open door here.
Found a leather armour.
You see here a leather armour.
You are feeling very hungry.
Unknown command.
(D) Dungeon
Where to? (Enter - D:3 @ (x,y), ? - help)
You open the door.
There is an open door here.
There is a stone staircase leading down here.
You climb downwards.
There is a stone staircase leading up here.
Found 13 gold pieces.
Found 5 gold pieces.
You now have 108 gold pieces (gained 13).
Found a stone staircase leading down.
You now have 113 gold pieces (gained 5).
You open the door.
There is an open door here.
You open the door.
There is an open door here.
There is a stone staircase leading down here.
You climb downwards.
You hear the sound of rushing water.
There is an entrance to a sewer on this level.
Hurry and find it before the portal rusts away!
Found a short sword and a buckler.
There is a stone staircase leading up here.
Eat which item? (? for menu, Esc to quit)
Okay, then.
An orc and an orc priest come into view.
An orc comes into view. It is wielding a dagger.
The orc priest shouts!
The orc priest invokes the aid of Beogh against you.
Pain shoots through your body!
An orc wizard comes into view. It is wielding a dagger.
You see here a buckler.
w - a buckler The orc shouts!
A ball python comes into view.
The orc priest casts a cantrip, but nothing happens.
The orc priest looks braver for a moment.
The orc wizard shouts!
There is a stone staircase leading up here.
The orc wizard gestures at you while chanting.
The magic dart hits you!
* * * LOW HITPOINT WARNING * * *
The orc hits you with a flail!
You die...

..............#
......S.......#
..............#
.....o.o......#
......o...)...#
..............#
..............#
..........o...#####
#.########@........
# ##########


You could see an orc priest, an orc wizard, 2 orcs and a ball python
(wandering).

Vanquished Creatures
  An adder (D:2)
  A giant cockroach (D:3)
  4 goblins
  4 hobgoblins
  5 bats
  A giant newt (D:2)
  2 kobolds
  4 rats
22 creatures vanquished.

Vanquished Creatures (collateral kills)
  A ball python (D:2)
  A bat (D:2)
  A hobgoblin (D:2)
  A giant newt (D:2)
4 creatures vanquished.

Grand Total: 26 creatures vanquished

Notes
Turn   | Place    | Note
--------------------------------------------------------------
     0 | D:1      | tidbits the Demigod Transmuter began the quest for the Orb.
     0 | D:1      | Reached XP level 1. HP: 15/15 MP: 5/5
   221 | D:1      | Reached skill level 3 in Unarmed Combat
   319 | D:1      | Reached skill level 2 in Spellcasting
   319 | D:1      | Reached XP level 2. HP: 14/22 MP: 5/7
   477 | D:2      | Learned a level 2 spell: Sticks to Snakes
   495 | D:2      | Reached skill level 2 in Transmutations
   786 | D:3      | Reached XP level 3. HP: 27/27 MP: 6/8
   791 | D:3      | Learned a level 3 spell: Spider Form
   797 | D:3      | Found a burning altar of Makhleb.
   991 | D:5      | Entered Level 5 of the Dungeon
  1004 | D:5      | Mangled by an orc

Action                   || total
-------------------------++-------
Melee: Unarmed           ||    72
 Cast: Beastly Appendage ||    15
       Sticks to Snakes  ||     4

Table legend:
 A = Turns spent in this place as a percentage of turns spent in the entire game.
 B = Non-inter-level travel turns spent in this place as a percentage of non-inter-level travel turns spent in the entire game.
 C = Inter-level travel turns spent in this place as a percentage of turns spent in this place.
 D = Turns resting spent in this place as a percentage of non-inter-level travel turns spent in this place.
 E = Turns spent auto-exploring this place as a percentage of non-inter-level travel turns spent in this place.
 F = Non-inter-level travel turns spent in this place divided by the number of levels of this place that you've seen.
                   A       B       C       D       E      F
               +-------+-------+-------+-------+-------+----------------------
         Total | 100.0 | 100.0 |   0.5 |   0.0 |   0.0 | 174.6
       Dungeon | 100.0 | 100.0 |   0.5 |   0.0 |   0.0 | 174.6
               +-------+-------+-------+-------+-------+----------------------

Table legend:
 A = Kills in this place as a percentage of kills in entire the game.
 B = Kills by you in this place as a percentage of kills by you in the entire game.
 C = Kills by friends in this place as a percentage of kills by friends in the entire game.
 D = Other kills in this place as a percentage of other kills in the entire game.
 E = Experience gained in this place as a percentage of experience gained in the entire game.
 F = Experience gained in this place divided by the number of levels of this place that you have seen.
                   A       B       C       D       E      F
               +-------+-------+-------+-------+-------+----------------------
         Total | 100.0 | 100.0 | 100.0 |  -nan | 100.0 |  10.0
       Dungeon | 100.0 | 100.0 | 100.0 |  -nan | 100.0 |  10.0
               +-------+-------+-------+-------+-------+----------------------

Vault maps used:
D:1:      dpeg_arrival_round_a
D:3:      lemuel_crystal_altar, ashenzari_altar_1, marbit_many_paths,
          serial_bayou, serial_bayou_lagoon_a, serial_bayou_pond_d,
          serial_bayou_lake_a, serial_bayou_shore_a, uniq_natasha
D:4:      grunt_dithmenos_smoke_and_mirrors, uniq_sigmund, uniq_duvessa
D:5:      portal_sewer_entry_f, first_bread, fedhas_altar_fruit_tree,
          uniq_prince_ribbit1
